 Dungeon Crawl Stone Soup version 0.29.0-11-gd7f09526c8 (webtiles) character file.

Game seed: 8254696052232262698

650 funkygono the Firebug (level 7, -3/37 HPs)
             Began as a Gargoyle Fire Elementalist on Sept 2, 2022.
             Slain by a wight
             ... wielding a +2 flail
              (10 damage)
             ... on level 4 of the Dungeon.
             The game lasted 00:08:25 (4791 turns).

funkygono the Firebug (Gargoyle Fire Elementalist)  Turns: 4791, Time: 00:08:25

Health: -3/37      AC:  6    Str: 11    XL:     7   Next: 53%
Magic:  11/13      EV: 16    Int: 18    God:
Gold:   208        SH:  0    Dex: 10    Spells: 4/14 levels left

rFire   + . .      SeeInvis .   f - +0 mace
rCold   . . .      Faith    .   (no shield)
rNeg    + . .      Spirit   .   a - +0 robe
rPois   ∞          Reflect  .   (no helmet)
rElec   +          Harm     .   (no cloak)
rCorr   .          Rampage  .   (no gloves)
Will    .....                   (no boots)
Stlth   ++........              n - amulet of the acrobat
HPRegen 0.12/turn               h - +4 ring of evasion
MPRegen 0.13/turn               y - ring of protection from fire

@: no status effects
A: sickness immunity, AC +4, negative energy resistance 1, electricity
resistance, torment resistance 1, petrification resistance
a: no special abilities


You were on level 4 of the Dungeon.
You visited 2 branches of the dungeon, and saw 6 of its levels.

You collected 208 gold pieces.

Inventory:

Hand Weapons
 f - a +0 mace (weapon)
Missiles
 w - a throwing net
Armour
 a - a +0 robe (worn)
 g - a +0 leather armour
Jewellery
 h - a +4 ring of evasion (left hand)
 n - an amulet of the acrobat (around neck)
 y - a ring of protection from fire (right hand)
Wands
 i - a wand of polymorph (12)
 j - a wand of acid (9)
Scrolls
 l - 2 scrolls of identify {unknown}
 o - a scroll of enchant weapon {unknown}
 p - 3 scrolls of teleportation {unknown}
 q - a scroll of immolation {unknown}
 r - a scroll of magic mapping {unknown}
 s - a scroll of blinking {unknown}
 t - 2 scrolls of enchant armour {unknown}
 v - a scroll of fear {unknown}
 x - a scroll of acquirement {unknown}
Potions
 b - 2 potions of magic
 c - 3 potions of curing {unknown}
 d - a potion of attraction
 e - a potion of resistance {unknown}
 k - 2 potions of brilliance
 m - a potion of haste {unknown}
 u - a potion of degeneration {unknown}
 z - a potion of invisibility {unknown}
 A - 2 potions of might {unknown}
 B - a potion of cancellation {unknown}


   Skills:
 + Level 0.9 Fighting
 + Level 1.2 Maces & Flails
 + Level 2.1 Dodging
 + Level 3.4 Stealth
 + Level 4.3 Spellcasting
 + Level 3.4 Conjurations
 + Level 5.6 Fire Magic


You had 4 spell levels left.
You knew the following spells:

 Your Spells              Type           Power      Damage    Failure   Level
a - Foxfire               Conj/Fire      80%        2x1d8     2%          1
b - Scorch                Fire           48%        2d7       2%          2
c - Conjure Flame         Conj/Fire      20%        6-21      7%          3
d - Flame Wave            Conj/Fire      20%        2d7       22%         4

Your spell library contained the following spells:

 Spells                   Type           Power      Damage    Failure   Level
 Inner Flame              Hex/Fire       13%        N/A       14%         3
 Olgreb's Toxic Radiance  Pois           3%         N/A       82%         4
 Ozocubu's Refrigeration  Ice            1%         4d7       100%        7
 Ignition                 Fire           12%        3d6       100%        8


Dungeon Overview and Level Annotations

Branches:
Dungeon (5/15)             Temple (1/1) D:4

Altars:
Ashenzari
Cheibriados
Elyvilon
Gozag
Okawaru
Ru
Sif Muna
Uskayaw
Wu Jian
Lugonu

Shops:
D:4 =


Innate Abilities, Weirdness & Mutations

You are immune to sickness and miasma.
Your stone body is resilient. (AC +4)
You are immune to poison.
You resist negative energy. (rN+)
You are resistant to electric shocks. (rElec)
You are resistant to unholy torment.
You are immune to petrification.


Message History

Magic restored.
Partly explored, can't reach some places.
You climb downwards.
The wight hits you with a +2 dagger of freezing.
The wight freezes you. The wight hits you with a +2 flail!
There is a stone staircase leading up here.
Casting: Foxfire (safe; 2% risk of failure)
Confirm with . or Enter, or press ? or * to list all spells.
You conjure some foxfire!
The wight closely misses you. The wight hits you but does no damage.
Casting: Foxfire (safe; 2% risk of failure)
Confirm with . or Enter, or press ? or * to list all spells.
Okay, then.
The foxfire hits the wight but does no damage. x2
The wight hits you with a +2 flail!
The wight hits you with a +2 dagger of freezing.
* * * LOW HITPOINT WARNING * * *
The wight freezes you.
* * * LOW HITPOINT WARNING * * *
You climb upwards.
There is a stone staircase leading down here.
Okay, then.
The wight attacks as you move away!
The wight hits you with a +2 dagger of freezing.
* * * LOW HITPOINT WARNING * * *
The wight freezes you.
* * * LOW HITPOINT WARNING * * *
The wight completely misses you. The wight attacks as you move away!
The wight closely misses you. The wight attacks as you move away!
The wight completely misses you. The wight attacks as you move away!
The wight completely misses you. The wight attacks as you move away!
The wight completely misses you. The wight attacks as you move away!
The wight closely misses you. The wight attacks as you move away!
The wight barely misses you.
Casting: Foxfire (safe; 2% risk of failure)
Confirm with . or Enter, or press ? or * to list all spells.
Flames lash the wight.
The wight is severely damaged.
The wight's fire resistance burns away.
The wight hits you with a +2 flail!
You die...

##..##§≈≈≈.####...#..........#§§.
.+..##.....##.....#..........'..§
##..##.._..##....##..........'..≈
#...##.....##....##..........#§..
#...##.....##.....####.......#§..
....####.####...#..###.......#≈≈.
...(####'####...##..##.......##≈≈
................###..........###≈
.........#......@zz....>.....# ##
.........##.....######.......# #
.###..>..##.....# ######### .#
#......#.....# ## #............#
###....#.....# ############


You could see 2 wights.

Vanquished Creatures
  Sigmund (D:2)
  A phantom (D:4)
  2 wights (D:5)
  A scorpion (D:4)
  2 orc priests
  2 iguanas (D:4)
  An orc wizard (D:3)
  4 adders
  2 worms
  2 dart slugs (D:1)
  9 orcs
  3 endoplasms
  3 giant cockroaches
  3 goblins
  4 hobgoblins
  2 jackals (D:1)
  7 kobolds
  4 quokkas
  8 ball pythons
  5 bats
  6 frilled lizards
  3 rats
75 creatures vanquished.

Vanquished Creatures (others)
  269 foxfires
  9 plants (D:4)
  4 toadstools (D:1)
282 creatures vanquished.

Grand Total: 357 creatures vanquished

Notes
Turn   | Place    | Note
-------+----------+-------------------------------------------
     0 | D:1      | funkygono the Gargoyle Fire Elementalist began the quest
                  | for the Orb.
     0 | D:1      | Reached XP level 1. HP: 10/10 MP: 3/3
   230 | D:1      | Reached XP level 2. HP: 10/15 MP: 0/5
   775 | D:1      | Reached XP level 3. HP: 19/19 MP: 3/6
   778 | D:1      | Learned a level 2 spell: Scorch
   782 | D:1      | Learned a level 3 spell: Conjure Flame
  1020 | D:2      | Noticed Sigmund
  1030 | D:2      | Killed Sigmund
  1031 | D:2      | Reached skill level 4 in Fire Magic
  1031 | D:2      | Reached XP level 4. HP: 20/24 MP: 1/8
  1031 | D:2      | Reached XP level 5. HP: 23/28 MP: 1/9
  1184 | D:2      | Found a faded altar of an unknown god.
  2102 | D:3      | Reached XP level 6. HP: 32/32 MP: 8/10
  2107 | D:3      | Learned a level 4 spell: Flame Wave
  3366 | D:4      | Reached skill level 5 in Fire Magic
  3380 | D:4      | Reached skill level 1 in Maces & Flails
  3380 | D:4      | Reached XP level 7. HP: 37/37 MP: 4/12
  3658 | D:4      | Found an iron altar of Okawaru.
  3768 | D:4      | Found a staircase to the Ecumenical Temple.
  3772 | D:4      | Found an ornate altar of the Wu Jian Council.
  3777 | Temple   | Entered the Ecumenical Temple
  3875 | D:4      | Found Joxetaila's Jewellery Boutique.
  3971 | D:4      | Found a hide-covered altar of Uskayaw.
  4666 | D:5      | Entered Level 5 of the Dungeon
  4791 | D:4      | Slain by a wight

Illustrated notes

Levels and vault maps discovered:
D:1:      ldierk_walled_garden_2, layout_rooms
D:2:      layout_loops_ring, basic_ecumenical_altar, uniq_sigmund
D:3:      layout_basic
D:4:      layout_basic, nicolae_wu_jian_glorious_leap, okawaru_gym_becter,
          mainiacjoe_overflow_24_doors, minmay_temple_entry_overgrown,
          kennysheep_cross_room, nicolae_wooded_promenade, serial_bayou_pond_e
D:5:      layout_cave_pods, tgw_kikubaaqudgha, nicolae_alphabet_shops
Temple:   corrupted_temple

Skill      XL: |  1  2  3  4  5  6  7 |
---------------+----------------------+-----
Stealth        | 3 |  3.4
Spellcasting   | 3 4 |  4.3
Conjurations   | 2 3 |  3.4
Fire Magic     | 4 5 |  5.6
Dodging        | 2 |  2.1
Maces & Flails | 1 |  1.2
Fighting       | |  0.9

Action                   |  1- 3 |  4- 6 |  7- 9 || total
-------------------------+-------+-------+-------++-------
Melee: Mace              |     7 |    32 |    13 ||    52
 Cast: Foxfire           |    33 |    72 |    48 ||   153
       Scorch            |     3 |     8 |     9 ||    20
  Use: Potion            |       |     3 |     1 ||     4
Armor: Robe              |    10 |    14 |     1 ||    25
       Skin              |       |    11 |       ||    11
Dodge: Dodged            |    34 |    20 |    14 ||    68
